 Dungeon Crawl Stone Soup version 0.20.0-8-g6b59dc7 (webtiles) character file.

47 kolkov the Digger (level 3, 0/19 HPs)
             Began as a Gargoyle Earth Elementalist on May 30, 2017.
             Slain by a gnoll
             ... wielding a +0 halberd
              (7 damage)
             ... on level 1 of the Dungeon.
             The game lasted 00:05:01 (2201 turns).

kolkov the Digger (Gargoyle Earth Elementalist)     Turns: 2201, Time: 00:05:02

Health: 0/19       AC:  7    Str: 11    XL:     3   Next: 70%
Magic:  6/7        EV: 12    Int: 16    God:
Gold:   53         SH:  0    Dex: 10    Spells: 7/8 levels left

rFire    . . .     SeeInvis .   m - +0 whip
rCold    . . .     Gourm    .   (no shield)
rNeg     + . .     Faith    .   c - +0 robe
rPois    ∞         Spirit   .   (no helmet)
rElec    +         Reflect  .   (no cloak)
rCorr    .         Harm     .   k - +1 pair of gloves
MR       .....                  (no boots)
Stlth    ++........             (no amulet)
Regen    0.1/turn               (no ring)
MPRegen  0.1/turn               (no ring)

@: no status effects
A: negative energy resistance 1, electricity resistance, unbreathing,
petrification resistance, rot immunity, AC +3
a: no special abilities


You were on level 1 of the Dungeon.
You were not hungry.

You visited 1 branch of the dungeon, and saw 2 of its levels.

You collected 53 gold pieces.

Inventory:

Hand Weapons
 h - a +0 club
 m - a +0 whip (weapon)
Missiles
 b - 75 stones (quivered)
Armour
 c - a +0 robe (worn)
 k - a +1 pair of gloves (worn)
Scrolls
 a - a scroll of enchant armour {unknown}
 i - a scroll of identify {unknown}
 l - a scroll of amnesia {unknown}
Potions
 f - 2 potions of curing {unknown}
 g - a potion of flight {unknown}
 j - a potion of mutation {unknown}
 n - a potion of lignification {unknown}
Books
 e - a book of Geomancy

   Spells                             Type                      Level
   a - Sandblast                      Earth                        1
   b - Passwall                       Transmutation/Earth          2
   c - Stone Arrow                    Conjuration/Earth            3
   d - Petrify                        Transmutation/Earth          4
   e - Lee's Rapid Deconstruction     Earth                        5
Comestibles
 d - a bread ration
 o - 2 chunks of flesh


   Skills:
 - Level 1.5 Dodging
 - Level 2.1 Stealth
 * Level 3.2 Spellcasting
   Level 0.7 Transmutations
 + Level 4.3 Earth Magic


You had 7 spell levels left.
You knew the following spells:

 Your Spells              Type           Power        Failure   Level  Hunger
a - Sandblast             Erth           ###...       3%          1    None


Dungeon Overview and Level Annotations

Branches:
Dungeon (2/15)

Altars:


Innate Abilities, Weirdness & Mutations

You are resistant to torment.
Your stone body is resilient. (AC +3)
You are immune to poison.
You resist negative energy. (rN+)
You are resistant to electric shocks. (rElec)
You can survive without breathing.
You are immune to petrification.
You are immune to rotting.


Message History

There is a stone staircase leading up here.
The gnoll hits you with a halberd.
You climb upwards.
There is a stone staircase leading down here.
You hit the gnoll.
The gnoll is moderately wounded.
You closely miss the gnoll.
The gnoll is moderately wounded.
The gnoll hits you with a halberd.
You are too injured to fight recklessly!
Casting: Sandblast
Confirm with . or Enter, or press ? or * to list all spells.
Aiming: Sandblast
Press: ? - help, Shift-Dir - straight line, f - gnoll
Aim: a gnoll, wielding a halberd (moderately wounded)
The blast of sand hits the gnoll.
The gnoll is almost dead.
b - 75 stones The gnoll hits you with a halberd!
You die...

#.#######......###
#.............####
#############...#....
#.......#####..###...
#.###.........#####.#
#.# #................
#.###÷.......#.......
#.##.........#.#.####
#.##@.............##
#.##g#####.#####...#
#.##.#♣♣#P.PP#♣#[.##
#....#♣PP...PP♣#.##
####.#♣P..÷..P♣#.#
#.#♣....§..♣#.#
###.#♣...§...♣#'##
#...##......≈♣#..##
#...#♣P.....PP#...##


You could see a gnoll.

Vanquished Creatures
  2 oozes (D:1)
  A dart slug (D:1)
  2 leopard geckos (D:1)
  2 giant cockroaches (D:1)
  6 goblins (D:1)
  2 hobgoblins (D:1)
  2 bats (D:1)
  2 frilled lizards (D:1)
  10 kobolds (D:1)
  8 rats (D:1)
  A plant (D:1)
38 creatures vanquished.

Vanquished Creatures (others)
  A plant (D:1)
1 creature vanquished.

Grand Total: 39 creatures vanquished

Notes
Turn   | Place    | Note
-------+----------+-------------------------------------------
     0 | D:1      | kolkov the Gargoyle Earth Elementalist began the quest for the Orb.
     0 | D:1      | Reached XP level 1. HP: 10/10 MP: 3/3
   522 | D:1      | Reached XP level 2. HP: 5/15 MP: 3/5
   818 | D:1      | Reached skill level 4 in Earth Magic
  1114 | D:1      | Reached XP level 3. HP: 16/19 MP: 7/7
  2201 | D:1      | Slain by a gnoll

Skill      XL: |  1  2  3 |
---------------+----------+-----
Earth Magic    | 4 |  4.3
Spellcasting   | 3 |  3.2
Dodging        | |  1.5
Stealth        | |  2.1
Transmutations | |  0.7

Action                   || total
-------------------------++-------
Melee: Unarmed           ||    58
       Club              ||   133
       Whip              ||   120
 Cast: Sandblast         ||     4
 Stab: Sleeping          ||     4
  Eat: Chunk             ||     5
Armor: Robe              ||    78
Dodge: Dodged            ||   145
